 Dungeon Crawl Stone Soup version 0.29-a0-1023-g6ae1a4a2c7 (webtiles) character file.

Game seed: 17550735243264986255

5794 Destapler the Trooper (level 10, -5/171 HPs)
             Began as a Troll Berserker on Aug 11, 2022.
             Was an Elder of Trog.
             Slain by a wolf (9 damage)
             ... led by Grum
             ... on level 9 of the Dungeon.
             The game lasted 00:25:46 (8711 turns).

Destapler the Trooper (Troll Berserker)             Turns: 8711, Time: 00:25:46

Health: -5/171     AC: 10    Str: 31    XL:     10   Next: 50%
Magic:  9/9        EV: 10    Int:  3    God:    Trog [****..]
Gold:   559        SH:  0    Dex:  9    Spells: 9/9 levels left

rFire   . . .      SeeInvis .   a - +5 whip
rCold   . . .      Faith    .   (no shield)
rNeg    + . .      Spirit   .   s - +0 acid dragon scales
rPois   +          Reflect  .   (helmet restricted)
rElec   .          Harm     .   f - +1 cloak {rPois}
rCorr   +          Rampage  .   (gloves unavailable)
Will    .....                   (boots unavailable)
Stlth   ..........              (no amulet)
HPRegen 1.18/turn               v - ring of positive energy
MPRegen 0.11/turn               (no ring)

@: berserking (expiring), very quick
A: large, unfitting armour, claws 3, regeneration 1, shaggy fur 1, tough skin 1,
robust 1, subdued magic 1
a: Renounce Religion, Berserk, Trog's Hand, Brothers in Arms


You were on level 9 of the Dungeon.
You worshipped Trog.
Trog was greatly pleased with you.
You visited 1 branch of the dungeon, and saw 9 of its levels.

You collected 559 gold pieces.

Inventory:

Hand Weapons
 a - a +5 whip (weapon)
Missiles
 i - a throwing net
 j - 106 stones
 u - 2 boomerangs
 x - 11 poisoned darts (quivered)
 z - 2 atropa-tipped darts
Armour
 b - a +0 animal skin
 f - a +1 cloak of poison resistance (worn)
 s - +0 acid dragon scales (worn)
Jewellery
 v - a ring of positive energy (left claw)
Wands
 m - a wand of polymorph (14)
 t - a wand of paralysis (10)
 y - a wand of iceblast (26)
 A - a wand of flame (42)
Scrolls
 d - a scroll of enchant weapon
 e - a scroll of teleportation
 h - 5 scrolls of fear
 p - 3 scrolls of enchant armour
Potions
 c - a potion of berserk rage {unknown}
 g - 5 potions of curing
 k - 3 potions of attraction
 l - 3 potions of mutation
 n - a potion of haste
 q - a potion of cancellation {unknown}
 r - a potion of might {unknown}
 w - 2 potions of heal wounds
 B - a potion of invisibility
 C - a potion of ambrosia


   Skills:
 + Level 7.6 Fighting
 + Level 6.4 Maces & Flails
 - Level 6.0 Throwing
 - Level 3.0 Armour
 - Level 4.0 Dodging
 - Level 6.0 Shields
 - Level 3.0 Evocations


You had 9 spell levels left.
You didn't know any spells.
Your spell library contained the following spells:

 Spells                   Type           Power      Damage    Failure   Level
 Portal Projectile        Hex/Tloc       0%         N/A       89%         3
 Tukima's Dance           Hex            0%         N/A       89%         3
 Animate Armour           Summ/Erth      0%         N/A       100%        4
 Blade Hands              Tmut           0%         N/A       100%        5
 Iron Shot                Conj/Erth      0%         9d1       100%        6


Dungeon Overview and Level Annotations

Branches:
Dungeon (9/15)             Temple (0/1) D:4
   Lair: D:8-11         Orc: D:9-12

Altars:
Fedhas
Kikubaaqudgha
Sif Muna
Xom

Shops:
D:5 (   D:9 :

Annotations:
D:9 2 runed translucent doors


Innate Abilities, Weirdness & Mutations

You are too large for most types of armour.
You have claws for hands.
Your natural rate of healing is unusually fast.
You are covered in fur. (AC +1)
You have tough skin. (AC +1)
You are robust. (+10% HP)
Your spells are a little easier to cast, but a little less powerful.


Message History

A red film seems to cover your vision as you go berserk!
You feel yourself moving faster!
You feel mighty! The wolf closely misses you. Grum closely misses you.
The wolf bites you.
* * * LOW HITPOINT WARNING * * *
You closely miss the wolf.
The wolf is severely wounded.
Grum hits you from afar with a +1 glaive!
* * * LOW HITPOINT WARNING * * *
You closely miss the wolf.
The wolf is severely wounded.
The wolf bites you but does no damage.
You barely miss the wolf.
The wolf is severely wounded.
The wolf barely misses you.
Grum hits you from afar with a +1 glaive!
* * * LOW HITPOINT WARNING * * *
You are too injured to fight recklessly!
You are too injured to fight recklessly!
You are too injured to fight recklessly!
You whack the wolf!
You kill the wolf!
Trog accepts your kill. Grum hits you with a +1 glaive!
* * * LOW HITPOINT WARNING * * *
You see here a wolf corpse.
You thrash Grum!!
Grum is heavily wounded.
Grum hits you with a +1 glaive!
* * * LOW HITPOINT WARNING * * *
You whack Grum!
Grum is severely wounded.
You whack Grum!
Grum is almost dead.
Grum hits you with a +1 glaive!!
* * * LOW HITPOINT WARNING * * *
You whack Grum!
You kill Grum!
Trog accepts your kill. The wolf bites you!
You die...

#.#
#...<......#'###..
###.###
#..####.###≈.# ##.
#.....# #..#
#..#≈≈.####.
#.....# #..#
#..'..∩..+..
#.....###..#
#.####.≈≈##.
#.....#....# #..
#.≈###.
#.....#.#.## ###
#+## ##
###.###.#†# #.#
#.#@# ###.# #.#h#
#...# #.#.. #.###
#.#### #.# #.#
####### #.# #.#
#...... #.# #.#
#.##### #.# #.#
#.#
#.#####.#########
#.#


You could see a wolf.

Vanquished Creatures
  Joseph (D:7)
  The ghost of Querens the Covered, an amateur MeFi (D:4)
  Sigmund (D:5)
  Grum (D:9)
  A yak (D:5)
  2 steam dragons
  Menkaure (D:6)
  An acid dragon (D:9)
  2 water moccasins (D:7)
  An orc warrior (D:9)
  5 ice beasts
  2 black bears (D:6)
  A hornet zombie (D:4)
  A wolf (D:9)
  An ogre (D:5)
  5 centaurs
  A phantom (D:6)
  Blork the orc (D:6)
  2 gnoll sergeants
  4 bullfrogs
  A necrophage (D:6)
  6 scorpions
  A water moccasin zombie (D:4)
  7 wights
  10 killer bees
  3 hounds
  Crazy Yiuf (D:3)
  10 orc priests
  Jessica (D:2)
  3 iguanas
  5 orc wizards
  10 gnolls
  11 adders
  A shadow imp (D:6)
  A worm (D:2)
  5 dart slugs
  38 orcs
  10 ball pythons
  A bat zombie (D:8)
  9 endoplasms
  4 giant cockroaches
  9 hobgoblins
  5 jackals
  5 bats
  3 frilled lizards (D:1)
  12 goblins
  6 kobolds
  8 rats
  2 rat zombies (D:8)
223 creatures vanquished.

Notes
Turn   | Place    | Note
-------+----------+-------------------------------------------
     0 | D:1      | Destapler the Troll Berserker began the quest for the Orb.
     0 | D:1      | Reached XP level 1. HP: 22/22 MP: 0/0
    80 | D:1      | Reached XP level 2. HP: 27/29 MP: 1/1
   396 | D:1      | Reached ** piety under Trog
   513 | D:1      | Reached XP level 3. HP: 35/36 MP: 2/2
   558 | D:1      | Found a faded altar of an unknown god.
  1004 | D:2      | Identified the +1 leather armour "Pajym" {*Slow rN++ MP+9
                  | SInv}
  1040 | D:2      | Noticed Jessica
  1044 | D:2      | Killed Jessica
  1045 | D:2      | Reached skill level 1 in Throwing
  1045 | D:2      | Reached skill level 1 in Shields
  1064 | D:2      | Reached XP level 4. HP: 44/44 MP: 3/3
  1132 | D:2      | Reached skill level 1 in Armour
  2071 | D:3      | Gained mutation: Your flesh is heat resistant. (rF+)
                  | [potion of mutation]
  2146 | D:3      | Found a runed translucent door.
  2147 | D:3      | Noticed Crazy Yiuf
  2302 | D:3      | Killed Crazy Yiuf
  2303 | D:3      | Reached skill level 3 in Fighting
  2303 | D:3      | Reached XP level 5. HP: 30/53 MP: 4/4
  2825 | D:3      | Lost mutation: Your flesh is heat resistant. (rF+) [potion
                  | of mutation]
  2825 | D:3      | Gained mutation: You are dopey. (Int -2) [potion of
                  | mutation]
  2825 | D:3      | Gained mutation: Your flesh is cold resistant. (rC+)
                  | [potion of mutation]
  2826 | D:3      | Lost mutation: Your flesh is cold resistant. (rC+) [potion
                  | of mutation]
  2826 | D:3      | Lost mutation: You are dopey. (Int -2) [potion of mutation]
  2826 | D:3      | Gained mutation: You are robust. (+10% HP) [potion of
                  | mutation]
  2826 | D:3      | Gained mutation: Your spells are a little easier to cast,
                  | but a little less powerful. [potion of mutation]
  2958 | D:4      | Reached XP level 6. HP: 67/67 MP: 5/5
  2983 | D:4      | Found a staircase to the Ecumenical Temple.
  3099 | D:4      | Found a shimmering altar of Xom.
  3146 | D:4      | Found a runed translucent gate.
  3147 | D:4      | Found a runed translucent gate.
  3158 | D:4      | Found a runed translucent gate.
  3231 | D:4      | Reached *** piety under Trog
  3525 | D:4      | Noticed Querens's ghost (amateur MeFi)
  3546 | D:4      | Killed Querens's ghost
  3547 | D:4      | Reached XP level 7. HP: 41/74 MP: 6/6
  3690 | D:5      | Entered Level 5 of the Dungeon
  3712 | D:5      | Reached skill level 4 in Fighting
  3770 | D:5      | Reached XP level 8. HP: 56/85 MP: 7/7
  3974 | D:5      | Found Wem Rohu's Antique Weapon Boutique.
  4076 | D:5      | Found a shimmering blue altar of Sif Muna.
  4224 | D:5      | Noticed Sigmund
  4233 | D:5      | Killed Sigmund
  4234 | D:5      | Reached skill level 5 in Fighting
  4356 | D:5      | Reached skill level 6 in Fighting
  4541 | D:6      | Noticed Blork the orc
  4547 | D:6      | Killed Blork the orc
  4548 | D:6      | Reached skill level 1 in Evocations
  4635 | D:5      | Reached XP level 9. HP: 97/97 MP: 8/8
  4858 | D:6      | Noticed Menkaure
  5212 | D:6      | Paralysed by a centaur for 5 turns
  5467 | D:6      | Killed Menkaure
  5686 | D:6      | Reached skill level 5 in Maces & Flails
  5686 | D:6      | Reached skill level 5 in Throwing
  5686 | D:6      | Reached skill level 5 in Shields
  6015 | D:7      | Reached **** piety under Trog
  6562 | D:7      | Reached XP level 10. HP: 90/110 MP: 9/9
  6613 | D:7      | Noticed Joseph
  6628 | D:7      | Killed Joseph
  6629 | D:7      | Reached skill level 7 in Fighting
  8050 | D:8      | Found an ancient bone altar of Kikubaaqudgha.
  8223 | D:9      | Found a large runed translucent door.
  8224 | D:9      | Found a large runed translucent door.
  8363 | D:9      | Found Xecota's Book Emporium.
  8572 | D:9      | Found a blossoming altar of Fedhas.
  8692 | D:9      | Noticed Grum
  8709 | D:9      | HP: 2/168 [Grum/+1 glaive (21)]
  8710 | D:9      | Killed Grum
  8711 | D:9      | Slain by a wolf

Illustrated notes

Levels and vault maps discovered:
D:1:      scummos_arrival_simple_fountains, layout_basic,
          hellmonk_ecumenical_altar_lost_god, minivault_25
D:2:      minmay_chambers_of_ones, layout_basic, kennysheep_boxes, uniq_jessica
D:3:      layout_loops_ring, uniq_crazy_yiuf_cottage
D:4:      layout_loops_ring, mainiacjoe_overflow_chevrons,
          minmay_temple_entry_crystal_x, gammafunk_ghost_necromancy
D:5:      minmay_chambers_of_fours, layout_basic, lemuel_coloured_pillars_altar,
          serial_shops, shop, uniq_sigmund
D:6:      layout_loops_ring, kennysheep_generic_room_12, uniq_menkaure,
          uniq_blork_the_orc
D:7:      layout_basic, dreamdust_princess_bridge, st_stairs_13,
          chequers_hall_statues_wall_a, uniq_joseph
D:8:      layout_loops_ring, lemuel_zombie_altar_kikubaaqudgha
D:9:      layout_loops_ring, mainiacjoe_overflow_small_starburst,
          fedhas_altar_4, jmf_multi_god_temple2, serial_shops,
          nicolae_shop_hallway_plus, uniq_maggie, uniq_grum

Skill      XL: |  1  2  3  4  5  6  7  8  9 10 |
---------------+-------------------------------+-----
Maces & Flails | 3 4 5 6 |  6.4
Throwing       | 1 2 3 4 5 6 |  6.0
Shields        | 1 2 3 4 5 6 |  6.0
Armour         | 1 2 3 |  3.0
Fighting       | 3 4 6 7 |  7.6
Dodging        | 3 4 |  4.0
Evocations     | 1 2 3 |  3.0

Action                   |  1- 3 |  4- 6 |  7- 9 | 10-12 || total
-------------------------+-------+-------+-------+-------++-------
Melee: Mace              |    10 |       |       |       ||    10
       Whip              |    70 |   206 |   441 |   145 ||   862
       Punch             |       |     3 |     6 |     2 ||    11
Throw: Dart              |       |     3 |     6 |     7 ||    16
       Stone             |       |       |    18 |       ||    18
       Throwing net      |       |       |     1 |       ||     1
Invok: Trog's Hand       |     1 |       |     2 |       ||     3
       Berserk           |       |     5 |     8 |     6 ||    19
  Use: Scroll            |       |     8 |     6 |     4 ||    18
       Potion            |       |     3 |     1 |       ||     4
 Stab: Sleeping          |     1 |       |       |       ||     1
       Distracted        |       |     1 |       |       ||     1
       Held in net/web   |       |       |     1 |       ||     1
Armor: Animal skin       |    37 |    65 |   124 |    31 ||   257
       Acid dragon scale |       |       |       |     4 ||     4
Dodge: Dodged            |    40 |   118 |   185 |    77 ||   420

Table legend: (Time is in decaauts)
 A = Elapsed time spent in this place.
 B = Non-inter-level travel time spent in this place.
 C = Inter-level travel time spent in this place.
 D = Time resting spent in this place.
 E = Time spent auto-exploring this place.
 F = Levels seen in this place.
 G = Mean time per level.
                   A        B        C        D        E       F      G
               +--------+--------+--------+--------+--------+-----+--------+
         Total |   8777 |   7884 |    893 |    733 |   5399 |   9 |  975.2 |
       Dungeon |   8777 |   7884 |    893 |    733 |   5399 |   9 |  975.2 |
               +--------+--------+--------+--------+--------+-----+--------+

Top non-repeatable levels by time:
     D:6: 1300 daAuts
     D:2: 1165 daAuts
     D:7: 1132 daAuts
     D:1: 997 daAuts
     D:8: 978 daAuts
     D:5: 977 daAuts
     D:3: 874 daAuts
     D:4: 807 daAuts
     D:9: 543 daAuts
